 Dungeon Crawl Stone Soup version 0.17.0-22-g5edae84 (webtiles) character file.

11461 ketsa the Thaumaturge (level 11, -3/62 HPs)
             Began as a Deep Elf Conjurer on Nov 12, 2015.
             Was an Elder of Vehumet.
             Slain by a hippogriff (6 damage)
             ... on level 1 of the Lair of Beasts.
             The game lasted 01:03:52 (15970 turns).

ketsa the Thaumaturge (Deep Elf Conjurer)          Turns: 15970, Time: 01:03:52

Health: -3/62      AC:  8    Str:  5    XL:     11   Next: 49%
Magic:  11/28      EV: 16    Int: 32    God:    Vehumet [****..]
Gold:   297        SH:  0    Dex: 15    Spells: 8 memorised, 6 levels left

rFire  + . .     SeeInvis +     s - +3 short sword
rCold  . . .     Clarity  .     y - +1 robe of Benevolence {*Drain Int+8}
rNeg   . . .     SustAt   .     (no shield)
rPois  .         Gourm    .     v - +0 hat
rElec  .         Spirit   .     C - +1 cloak
rCorr  .         Warding  .     N - +2 pair of gloves
rMut   .         Stasis   .     (no boots)
MR     +....                    d - amulet of regeneration
Stlth  ++........               P - ring of protection from fire
                                j - ring of see invisible

@: somewhat resistant to hostile enchantments, unstealthy
A: no striking features
a: Renounce Religion


You were on level 1 of the Lair of Beasts.
You worshipped Vehumet.
Vehumet was greatly pleased with you.
You were not hungry.

You visited 4 branches of the dungeon, and saw 14 of its levels.
You also visited: Sewer.

You collected 504 gold pieces.
You spent 207 gold pieces at shops.

Inventory:

Hand Weapons
 s - a +3 short sword (weapon)
 T - a +1 short sword of freezing
 U - a +0 blowgun
Missiles
 V - 12 poisoned needles
Armour
 q - a +3 leather armour
 v - a +0 hat (worn)
 y - the +1 robe of Benevolence (worn) {*Drain Int+8}
   (You found it on level 4 of the Dungeon)

   It affects your intelligence (+8).
   It causes draining when unequipped.
 z - a troll hide
 C - a +1 cloak (worn)
 J - a +1 robe of resistance
 N - a +2 pair of gloves (worn)
Jewellery
 d - an amulet of regeneration (around neck)
 j - a ring of see invisible (left hand)
 I - an uncursed ring of ice
 M - an uncursed amulet of stasis
 P - a ring of protection from fire (right hand)
Wands
 e - a wand of slowing (31)
 o - a wand of teleportation (4)
 u - a wand of fireball (10)
 D - a wand of frost (11)
 F - a wand of magic darts (18)
 Q - a wand of disintegration (10)
 S - a wand of cold (8)
Scrolls
 a - a scroll of amnesia
 f - 2 scrolls of recharging
 g - 7 scrolls of identify
 h - a scroll of immolation
 i - 2 scrolls of enchant weapon
 k - 4 scrolls of remove curse
 n - a scroll of noise {unknown}
 r - a scroll of magic mapping {unknown}
 t - 5 scrolls of enchant armour
 w - a scroll of teleportation
 K - a scroll of fear {unknown}
 O - a scroll of blinking
Potions
 m - a potion of invisibility
 p - 3 potions of might
 B - a potion of beneficial mutation {unknown}
 E - a potion of cancellation {unknown}
Books
 b - a book of Conjurations

   Spells                             Type                      Level
   a - Magic Dart                     Conjuration                  1
   b - Searing Ray                    Conjuration                  2
   c - Dazzling Spray                 Conjuration/Hexes            3
   d - Fulminant Prism                Conjuration/Hexes            4
   e - Iskenderun's Mystic Blast      Conjuration                  4
   f - Iskenderun's Battlesphere      Conjuration/Charms           5
 x - a book of Frost

   Spells                             Type                      Level
   a - Freeze                         Ice                          1
   b - Throw Frost                    Conjuration/Ice              2
   c - Ozocubu's Armour               Charms/Ice                   3
   d - Throw Icicle                   Conjuration/Ice              4
   e - Summon Ice Beast               Ice/Summoning                4
   f - Condensation Shield            Ice                          4
 G - a book of Dreams

   Spells                             Type                      Level
   a - Ensorcelled Hibernation        Hexes/Ice                    2
   b - Phase Shift                    Translocation                5
   c - Shadow Creatures               Summoning                    5
   d - Silence                        Hexes/Air                    5
   e - Darkness                       Hexes                        6
   f - Mass Confusion                 Hexes                        6
 H - a book of Clouds

   Spells                             Type                      Level
   a - Mephitic Cloud                 Conjuration/Poison/Air       3
   b - Conjure Flame                  Conjuration/Fire             3
   c - Poisonous Cloud                Conjuration/Poison/Air       6
   d - Freezing Cloud                 Conjuration/Ice/Air          6
   e - Ring of Flames                 Charms/Fire                  7
Miscellaneous
 R - a phial of floods
Comestibles
 c - 8 bread rations
 l - 5 meat rations


   Skills:
 + Level 4.9 Fighting
 - Level 7.0 Dodging
 - Level 3.0 Stealth
 + Level 11.8 Spellcasting
 + Level 11.2 Conjurations
 - Level 5.0 Hexes
 - Level 9.0 Charms
 + Level 3.8 Earth Magic
 + Level 5.6 Evocations


You had 6 spell levels left.
You knew the following spells:

 Your Spells              Type           Power        Failure   Level  Hunger
a - Magic Dart            Conj           ####         1%          1    None
b - Searing Ray           Conj           ######       1%          2    None
c - Dazzling Spray        Conj/Hex       ######..     1%          3    None
d - Iskenderun's Mystic   Conj           ######..     1%          4    None
e - Fulminant Prism       Conj/Hex       ######....   1%          4    None
f - Iskenderun's Battles  Conj/Chrm      ######..     1%          5    ##.....
g - Stone Arrow           Conj/Erth      ######       1%          3    None
h - Lightning Bolt        Conj/Air       ######....   2%          5    ##.....


Dungeon Overview and Level Annotations

Branches:
Dungeon (11/15)            Temple (1/1) D:7            Lair (1/8) D:9
    Orc (1/4) D:9

Altars:
Ashenzari
Cheibriados
Dithmenos
Elyvilon
Fedhas
Gozag
Kikubaaqudgha
Makhleb
Nemelex Xobeh
Okawaru
Qazlal
Ru
Sif Muna
Trog
Vehumet
Xom
Yredelemnul
Zin
The Shining One

Shops:
D:8 =!!

Annotations:
D:4 exclusion: downstairs
D:5 exclusion: door
D:6 exclusion: downstairs
D:9 exclusion: downstairs
D:10 exclusions: downstairs, ice statue and obsidian statue


Message History

Confirm with . or Enter, or press ? or * to list all spells.
Aiming: Iskenderun's Mystic Blast
Press: ? - help, Shift-Dir - straight line, f - crocodile, p - hippogriff
Aim: a crocodile (severely wounded)
The orb of energy misses the crocodile.
The crocodile bites you!
The hippogriff bites you but does no damage.
The hippogriff misses you. The hippogriff closely misses you.
Casting: Iskenderun's Mystic Blast
Confirm with . or Enter, or press ? or * to list all spells.
Aiming: Iskenderun's Mystic Blast
Press: ? - help, Shift-Dir - straight line, f/p - crocodile
Aim: a crocodile (severely wounded)
The orb of energy misses the crocodile.
The crocodile bites you!
* * * LOW HITPOINT WARNING * * *
The hippogriff bites you.
* * * LOW HITPOINT WARNING * * *
The hippogriff pecks you!
* * * LOW HITPOINT WARNING * * *
The hippogriff claws you.
You die...

..#.. #.#.# #.#
#.#.. .....
#...# .....
#...#
...#..#...#
.....#.Ht# .
#..#..@# #..
#>..รท..#....
#...#........#
#.#..#.........
#...#....#.#.#.
#.# ##.#.#.# #
.. #.#.#.# .
..#.# # #....


You could see a hippogriff and a crocodile.

Vanquished Creatures
  An unseen horror (D:10)
  2 hill giants (D:10)
  A black mamba (Lair:1)
  A spiny frog (D:9)
  3 deep elf priests (D:10)
  2 trolls
  Sigmund (D:5)
  2 deep elf fighters (D:10)
  5 yaks
  A wraith (D:10)
  A steam dragon (D:8)
  Menkaure (D:7)
  3 hippogriffs
  2 hungry ghosts
  Edmund (D:5)
  4 orc warriors
  A black bear (D:10)
  4 ice beasts
  A phantom (D:6)
  A sky beast (D:8)
  8 ogres
  8 centaurs
  10 big kobolds
  5 giant frogs
  A wyvern zombie (D:10)
  11 killer bees
  A wyvern skeleton (D:10)
  3 scorpions
  5 wights (D:8)
  An electric eel (D:7)
  3 jellies
  3 giant frog zombies
  5 crimson imps
  A gnoll shaman (D:6)
  8 hounds
  3 giant frog skeletons
  6 orc priests
  15 orc wizards
  2 iguanas
  4 worker ants
  3 gnolls (D:6)
  A worker ant zombie (D:8)
  18 adders
  2 shadow imps
  2 oozes (D:3)
  3 adder zombies
  4 adder skeletons
  4 giant geckos
  36 orcs
  7 bats
  10 giant cockroaches
  5 hobgoblins
  4 jackals
  5 quokkas
  5 ball pythons
  A giant gecko skeleton (D:8)
  7 giant newts
  11 goblins
  31 kobolds
  8 rats
308 creatures vanquished.

Vanquished Creatures (others)
  3 bushes (D:8)
  36 fulminant prisms
39 creatures vanquished.

Grand Total: 347 creatures vanquished

Notes
Turn   | Place    | Note
--------------------------------------------------------------
     0 | D:1      | ketsa the Deep Elf Conjurer began the quest for the Orb.
     0 | D:1      | Reached XP level 1. HP: 10/10 MP: 6/6
   312 | D:1      | Reached XP level 2. HP: 15/15 MP: 2/8
   937 | D:1      | Reached XP level 3. HP: 19/19 MP: 6/9
  1538 | D:2      | Learned a level 2 spell: Searing Ray
  1542 | D:2      | Learned a level 3 spell: Dazzling Spray
  1586 | D:2      | Reached skill level 5 in Conjurations
  2202 | D:3      | Reached skill level 1 in Hexes
  2202 | D:3      | Reached XP level 4. HP: 20/24 MP: 6/12
  2947 | D:3      | Found a white marble altar of Elyvilon.
  3337 | D:4      | Found a bloodstained altar of Trog.
  3431 | D:4      | Got a wizard robe
  3451 | D:4      | Identified the +1 robe of Benevolence {*Drain Int+8} (You found it on level 4 of the Dungeon)
  3524 | D:4      | Reached XP level 5. HP: 28/28 MP: 10/13
  3662 | D:4      | Reached skill level 6 in Conjurations
  3667 | D:4      | Reached skill level 5 in Spellcasting
  3866 | D:4      | Found a glowing drain.
  3871 | Sewer    | Entered a sewer
  4056 | Sewer    | Noticed Purgy
  4097 | Sewer    | Reached XP level 6. HP: 29/32 MP: 11/15
  4199 | Sewer    | Learned a level 4 spell: Iskenderun's Mystic Blast
  4204 | Sewer    | Learned a level 4 spell: Fulminant Prism
  4502 | D:5      | Entered Level 5 of the Dungeon
  4712 | D:5      | Noticed Edmund
  4741 | D:5      | Killed Edmund
  4741 | D:5      | Reached skill level 7 in Conjurations
  4858 | D:5      | Noticed Sigmund
  4861 | D:5      | Killed Sigmund
  4861 | D:5      | Reached XP level 7. HP: 36/36 MP: 8/18
  6004 | D:6      | Reached skill level 5 in Hexes
  6291 | D:6      | Reached skill level 1 in Evocations
  6291 | D:6      | Reached XP level 8. HP: 41/41 MP: 5/20
  6402 | D:6      | Learned a level 5 spell: Iskenderun's Battlesphere
  6427 | D:6      | Noticed Menkaure
  6436 | D:6      | Reached skill level 8 in Conjurations
  6436 | D:6      | Reached skill level 1 in Charms
  6591 | D:6      | Found a burning altar of Makhleb.
  6591 | D:6      | Noticed a cacodemon
  7367 | D:6      | Reached skill level 5 in Charms
  7722 | D:7      | Killed Menkaure
  8483 | D:7      | Found an iron altar of Okawaru.
  8586 | D:7      | Found a shadowy altar of Dithmenos.
  8624 | D:7      | Reached XP level 9. HP: 43/45 MP: 17/23
  8674 | D:7      | Found a staircase to the Ecumenical Temple.
  8681 | Temple   | Entered the Ecumenical Temple
  8741 | Temple   | Became a worshipper of Vehumet
  9223 | D:8      | Reached skill level 9 in Conjurations
  9457 | D:8      | Found Zoluruis's Distillery.
  9471 | D:8      | Found Gammoebb's Distillery.
  9481 | D:8      | Bought a potion of curing for 42 gold pieces
  9926 | D:8      | Reached skill level 1 in Fighting
  9936 | D:8      | Reached * piety under Vehumet
  9936 | D:8      | Offered knowledge of Sandblast by Vehumet.
 10053 | D:8      | Reached skill level 5 in Dodging
 10696 | D:8      | Reached XP level 10. HP: 51/54 MP: 21/25
 10982 | D:8      | Reached skill level 10 in Spellcasting
 11137 | D:8      | Reached ** piety under Vehumet
 11137 | D:8      | Offered knowledge of Sting by Vehumet.
 11193 | D:8      | Found Tasuil's Jewellery Shoppe.
 11213 | D:8      | Found a blossoming altar of Fedhas.
 11400 | D:9      | Found a staircase to the Orcish Mines.
 11789 | D:9      | Found a stormy altar of Qazlal.
 11835 | D:9      | Reached skill level 10 in Conjurations
 12186 | D:9      | Found a staircase to the Lair.
 12196 | Lair:1   | Entered Level 1 of the Lair of Beasts
 12206 | Lair:1   | Noticed a black mamba
 12206 | Lair:1   | Killed a black mamba
 12480 | D:9      | Offered knowledge of Stone Arrow by Vehumet.
 12652 | D:10     | Entered Level 10 of the Dungeon
 12796 | D:10     | Noticed a hill giant
 12801 | D:10     | Killed a hill giant
 12895 | D:10     | HP: 2/56 [fulminant prism[the player character] (35)]
 12914 | D:10     | Noticed an obsidian statue
 13159 | D:8      | Bought an uncursed ring of see invisible for 165 gold pieces
 13184 | Orc:1    | Entered Level 1 of the Orcish Mines
 13186 | Orc:1    | Noticed an orc knight
 13189 | D:9      | Reached *** piety under Vehumet
 13266 | D:10     | Learned a level 3 spell: Stone Arrow
 13393 | D:10     | Reached skill level 11 in Spellcasting
 13423 | D:10     | Reached skill level 1 in Earth Magic
 13983 | D:10     | Noticed a hill giant
 13990 | D:10     | Killed a hill giant
 13990 | D:10     | Offered knowledge of Sticky Flame by Vehumet.
 14191 | Lair:1   | Reached XP level 11. HP: 59/61 MP: 19/28
 14518 | D:10     | Noticed an unseen horror
 14522 | D:10     | Killed an unseen horror
 14942 | D:10     | Reached skill level 5 in Evocations
 15351 | D:10     | Reached **** piety under Vehumet
 15926 | D:9      | Offered knowledge of Lightning Bolt by Vehumet.
 15933 | D:9      | Learned a level 5 spell: Lightning Bolt
 15970 | Lair:1   | HP: 3/62 [hippogriff (8)]
 15970 | Lair:1   | Slain by a hippogriff

Action                   |  1- 3 |  4- 6 |  7- 9 | 10-12 || total
-------------------------+-------+-------+-------+-------++-------
Melee: Unarmed           |     8 |       |       |       ||     8
       Short sword       |       |     3 |    23 |    15 ||    41
 Cast: Magic Dart        |    94 |    79 |   194 |   119 ||   486
       Searing Ray       |     2 |     9 |    27 |    32 ||    70
       Dazzling Spray    |       |     3 |     8 |     5 ||    16
       Fulminant Prism   |       |     4 |     8 |    25 ||    37
       Iskenderun's Myst |       |     2 |    39 |    54 ||    95
       Stone Arrow       |       |       |       |    16 ||    16
Evoke: Phial of floods   |       |       |       |     1 ||     1
  Use: Scroll            |     1 |     2 |     1 |    11 ||    15
       Potion            |       |     1 |     5 |     7 ||    13
 Stab: Sleeping          |       |     2 |       |       ||     2
  Eat: Chunk             |     4 |     7 |    17 |    16 ||    44
       Fruit             |       |     2 |     2 |       ||     4
       Beef jerky        |       |       |       |     1 ||     1
       Royal jelly       |       |       |       |     1 ||     1
